 Dungeon Crawl Stone Soup version 0.19.1 (webtiles) character file.

3113 Ice the Thrower (level 9, -7/74 HPs)
             Began as a Minotaur Berserker on Dec 13, 2016.
             Was an Elder of Trog.
             Killed by Ozocubu's Refrigeration
             ... invoked by Fannar
              (13 damage)
             ... on level 1 of the Lair of Beasts.
             The game lasted 00:38:13 (6461 turns).

Ice the Thrower (Minotaur Berserker)                Turns: 6461, Time: 00:38:14

Health: -7/74      AC: 12    Str: 25    XL:     9   Next: 60%
Magic:  0/8        EV: 11    Int:  8    God:    Trog [****..]
Gold:   244        SH:  0    Dex: 16    Spells: 0 memorised, 8 levels left

rFire  . . .     SeeInvis +     G - +3 short sword of Hell's Wrath {drain, rElec Str+2 Int+4 SInv}
rCold  . . .     Gourm    .     w - +0 chain mail
rNeg   . . .     Faith    .     (no shield)
rPois  +         Spirit   +     (helmet restricted)
rElec  +         Reflect  .     a - +0 cloak
rCorr  .         Harm     .     (no gloves)
MR     .....                    k - +0 pair of boots
Stlth  ..........               H - amulet of Jeros {Spirit rPois Dex+4}
                                (no ring)
                                (no ring)

@: no status effects
A: retaliatory headbutt, horns 2
a: Berserk, Trog's Hand, Brothers in Arms, Burn Spellbooks, Renounce Religion


You were on level 1 of the Lair of Beasts.
You worshipped Trog.
Trog was greatly pleased with you.
You were hungry.

You visited 2 branches of the dungeon, and saw 9 of its levels.

You collected 460 gold pieces.
You spent 216 gold pieces at shops.

Inventory:

Hand Weapons
 x - a +0 blowgun
 C - a +0 mace of holy wrath
 G - the +3 short sword of Hell's Wrath (weapon) {drain, rElec Str+2 Int+4 SInv}
   (You found it on level 5 of the Dungeon)

   A truly terrible weapon, it drains the life of those it strikes.
   It affects your strength (+2).
   It affects your intelligence (+4).
   It insulates you from electricity.
   It lets you see invisible.
 J - a +0 shortbow of velocity
Missiles
 b - 348 stones
 e - 159 arrows
 l - 65 sling bullets
 p - 34 poisoned needles
 B - 30 bolts
 L - 2 javelins (quivered)
Armour
 a - a +0 cloak (worn)
 k - a +0 pair of boots (worn)
 w - a +0 chain mail (worn)
Magical Staves
 Q - an uncursed staff of power
Jewellery
 n - an uncursed ring of fire
 H - the amulet of Jeros (around neck) {Spirit rPois Dex+4}
   (You bought it in a shop on level 5 of the Dungeon)

   [amulet of guardian spirit]

   It causes incoming damage to be split between your health and magic.
   It affects your dexterity (+4).
   It protects you from poison.
Wands
 u - a wand of teleportation (5/9)
 A - a wand of teleportation (1/9)
 F - a wand of acid (3/15)
 I - a wand of slowing (14/48)
 P - a wand of iceblast (6/15)
Scrolls
 g - 4 scrolls of blinking
 h - 2 scrolls of fear {unknown}
 i - 2 scrolls of fog {unknown}
 r - 3 scrolls of remove curse
 t - 2 scrolls of immolation
 y - 2 scrolls of magic mapping
 z - a scroll of amnesia {unknown}
 E - a scroll of enchant armour {unknown}
 M - 2 scrolls of teleportation {unknown}
 N - a scroll of brand weapon {unknown}
Potions
 d - 3 potions of curing
 j - a potion of lignification
 m - a potion of agility {unknown}
 s - 3 potions of heal wounds
 v - 2 potions of haste
 D - a potion of ambrosia {unknown}
 K - a potion of might {unknown}
 O - a potion of cure mutation {unknown}
Comestibles
 c - 4 bread rations
 f - 8 beef jerkies
 o - 4 meat rations
 q - a royal jelly
 R - 5 chunks of flesh


   Skills:
 - Level 5.1 Fighting
 + Level 6.1 Short Blades
 - Level 3.6 Maces & Flails
   Level 1.7 Polearms
 - Level 10.0 Throwing
 - Level 5.1 Armour
 - Level 5.2 Dodging


You had 8 spell levels left.
You didn't know any spells.

Dungeon Overview and Level Annotations

Branches:
Dungeon (8/15)             Temple (0/1) D:7            Lair (1/6) D:8

Altars:
Ashenzari
Cheibriados
Dithmenos
Elyvilon
Makhleb
Nemelex Xobeh
Uskayaw
Vehumet
The Shining One

Shops:
D:5 *

Annotations:
Lair:1 Fannar


Innate Abilities, Weirdness & Mutations

You reflexively headbutt those who attack you in melee.
You have a pair of horns on your head.


Message History

Fannar is heavily wounded.
Fannar gestures wildly while chanting.
Fannar drains the heat from the surrounding environment!
You feel very cold.
Fannar is frozen.
Fannar resists.
Fannar is heavily wounded.
You barely miss Fannar.
Fannar is heavily wounded.
Fannar gestures at you while chanting. The bolt of cold hits you!
* * * LOW HITPOINT WARNING * * *
Blink to where?
Press: ? - help, Dir - move target cursor, p - Fannar You can't see that place. [the floor.]
You can't see that place.
Okay, then.
Fannar gestures wildly while chanting.
Fannar drains the heat from the surrounding environment!
You feel very cold.
You die...

#.##e...## #.. ####P##
##.......# ##. #.....#
#.Y.....# #. #>....#
#.......# ## #.....
####### ##....### #
...P# ####.....#
###.#### .
...#####....#...###...#
..
...##P#...........e.###
...........#....@####
.PP...#...#......#
.##...#####....###
......[# #......
.....### #.....#.
.....# #...... .....#
#.##.... ##...# ##
#..###


You could see Fannar.

Vanquished Creatures
  The ghost of blockspiders the Spear-Bearer, a novice MfGl of Trog (D:6)
  A spiny frog (Lair:1)
  Grinder (D:6)
  A hippogriff (Lair:1)
  Sigmund (D:2)
  2 water moccasins (Lair:1)
  A porcupine (Lair:1)
  An orc warrior (D:6)
  A phantom (D:6)
  3 ogres
  A centaur (D:6)
  2 bullfrogs (Lair:1)
  5 killer bees (D:7)
  A howler monkey (D:6)
  A crimson imp (D:5)
  2 hounds
  2 orc priests (D:3)
  2 bullfrog skeletons
  3 orc wizards
  Jessica (D:2)
  Terence (D:2)
  An iguana (D:4)
  3 worker ants
  8 gnolls
  5 adders
  2 oozes
  An adder zombie (D:6)
  2 worms
  2 dart slugs (D:1)
  5 leopard geckos
  13 orcs
  6 bats
  A giant cockroach (D:3)
  11 goblins
  2 hobgoblins (D:1)
  4 jackals
  6 quokkas
  3 ball pythons
  7 frilled lizards
  A jackal skeleton (D:7)
  16 kobolds
  A leopard gecko skeleton (D:5)
  A quokka zombie (D:5)
  3 rats
138 creatures vanquished.

Notes
Turn   | Place    | Note
-------+----------+-------------------------------------------
     0 | D:1      | Ice the Minotaur Berserker began the quest for the Orb.
     0 | D:1      | Reached XP level 1. HP: 19/19 MP: 0/0
   168 | D:1      | Reached XP level 2. HP: 20/27 MP: 1/1
   745 | D:1      | Reached skill level 5 in Fighting
   745 | D:1      | Reached XP level 3. HP: 36/36 MP: 2/2
  1014 | D:2      | Noticed Sigmund
  1037 | D:2      | Killed Sigmund
  1037 | D:2      | Reached ** piety under Trog
  1037 | D:2      | Reached skill level 5 in Dodging
  1037 | D:2      | Reached XP level 4. HP: 27/42 MP: 3/3
  1037 | D:2      | Reached XP level 5. HP: 30/48 MP: 4/4
  1208 | D:2      | Noticed Jessica
  1215 | D:2      | Killed Jessica
  1387 | D:2      | Noticed Terence
  1402 | D:2      | Killed Terence
  1894 | D:3      | Reached XP level 6. HP: 56/56 MP: 5/5
  1909 | D:3      | Reached skill level 5 in Armour
  2052 | D:3      | Found a white marble altar of Elyvilon.
  2544 | D:3      | Found a shattered altar of Ashenzari.
  2675 | D:4      | Reached skill level 1 in Polearms
  2846 | D:4      | Found a sparkling altar of Nemelex Xobeh.
  2879 | D:4      | Reached *** piety under Trog
  3029 | D:4      | Reached skill level 1 in Throwing
  3064 | D:4      | Reached skill level 2 in Throwing
  3064 | D:4      | Reached XP level 7. HP: 23/61 MP: 6/6
  3318 | D:4      | Reached skill level 3 in Throwing
  3448 | D:4      | Found a hide-covered altar of Uskayaw.
  3452 | D:4      | Found a shadowy altar of Dithmenos.
  3578 | D:4      | Found a snail-covered altar of Cheibriados.
  3720 | D:5      | Entered Level 5 of the Dungeon
  3848 | D:5      | Reached skill level 4 in Throwing
  4051 | D:5      | Reached skill level 5 in Throwing
  4126 | D:5      | Got a polished short sword
  4127 | D:5      | Identified the +3 short sword of Hell's Wrath {drain, rElec Str+2 Int+4 SInv} (You found it on level 5 of the Dungeon)
  4294 | D:5      | Found Reyxzy's Assorted Antiques.
  4302 | D:5      | Bought a scroll labeled KUKHLI FENIRGH for 27 gold pieces
  4302 | D:5      | Bought a scintillating crystal amulet for 135 gold pieces
  4302 | D:5      | Bought a scroll of identify for 54 gold pieces
  4303 | D:5      | Identified the amulet of Jeros {Spirit rPois Dex+4} (You bought it in a shop on level 5 of the Dungeon)
  4448 | D:5      | Reached **** piety under Trog
  4451 | D:5      | Reached skill level 6 in Throwing
  4689 | D:6      | Noticed blockspiders's ghost (novice MfGl)
  4776 | D:6      | Reached XP level 8. HP: 68/68 MP: 7/7
  4851 | D:6      | Killed blockspiders's ghost
  4851 | D:6      | Reached skill level 7 in Throwing
  4856 | D:6      | HP: 1/102 [acid (9)]
  5160 | D:6      | Noticed Grinder
  5165 | D:6      | Killed Grinder
  5165 | D:6      | Reached skill level 8 in Throwing
  5247 | D:6      | Reached skill level 9 in Throwing
  5403 | D:6      | Reached XP level 9. HP: 69/74 MP: 6/8
  5446 | D:6      | Found a burning altar of Makhleb.
  5448 | D:6      | Found a radiant altar of Vehumet.
  5611 | D:6      | Found a faded altar of an unknown god.
  5611 | D:6      | Found a faded altar of an unknown god.
  5616 | D:6      | Found a faded altar of an unknown god.
  5618 | D:6      | Found a glowing golden altar of the Shining One.
  5619 | D:6      | Found a faded altar of an unknown god.
  5693 | D:7      | Found a staircase to the Ecumenical Temple.
  6107 | D:8      | Found a staircase to the Lair.
  6116 | Lair:1   | Entered Level 1 of the Lair of Beasts
  6204 | Lair:1   | Reached skill level 10 in Throwing
  6206 | Lair:1   | Noticed a spiny frog
  6220 | Lair:1   | Killed a spiny frog
  6306 | Lair:1   | Reached skill level 5 in Short Blades
  6392 | Lair:1   | Noticed Fannar
  6461 | Lair:1   | Killed from afar by Fannar

Skill      XL: |  1  2  3  4  5  6  7  8  9 |
---------------+----------------------------+-----
Fighting       | 4 5 |  5.1
Dodging        | 5 |  5.2
Armour         | 4 5 |  5.1
Polearms       | 1 |  1.7
Throwing       | 2 6 9 10 | 10.0
Short Blades   | 6 |  6.1
Maces & Flails | |  3.6

Action                   |  1- 3 |  4- 6 |  7- 9 || total
-------------------------+-------+-------+-------++-------
Melee: Mace              |    75 |     1 |    50 ||   126
       Headbutt          |    16 |    14 |    37 ||    67
       Scythe            |       |   140 |    60 ||   200
       Short sword       |       |       |    81 ||    81
 Fire: Blowgun           |       |     6 |    85 ||    91
       Shortbow          |       |       |     9 ||     9
Throw: Stone             |    25 |    72 |    32 ||   129
       Javelin           |       |     3 |    36 ||    39
Invok: Berserk           |     1 |     2 |     1 ||     4
  Use: Scroll            |     1 |     4 |     7 ||    12
  Eat: Chunk             |       |     9 |    11 ||    20
       Pizza             |       |       |     1 ||     1
Armor: Animal skin       |     4 |       |       ||     4
       Leather armour    |     5 |       |       ||     5
       Scale mail        |    30 |    47 |       ||    77
       Chain mail        |       |    29 |    91 ||   120
Dodge: Dodged            |    33 |   115 |   114 ||   262
